 Dungeon Crawl Stone Soup version 0.21-a0-498-g1b60429 (webtiles) character file.

71 Laiders the Magician (level 4, 0/24 HPs)
             Began as a Deep Elf Wizard on Nov 24, 2017.
             Killed by divine providence
             ... invoked by an orc priest
              (15 damage)
             ... on level 3 of the Dungeon.
             The game lasted 00:07:31 (2830 turns).

Laiders the Magician (Deep Elf Wizard)              Turns: 2830, Time: 00:07:32

Health: 0/24       AC:  2    Str:  4    XL:     4   Next: 5%
Magic:  7/13       EV: 13    Int: 24    God:
Gold:   104        SH:  0    Dex: 13    Spells: 3/14 levels left

rFire    . . .     SeeInvis .   e - +1 short sword
rCold    + . .     Gourm    .   (no shield)
rNeg     . . .     Faith    .   a - +0 robe
rPois    .         Spirit   .   b - +0 hat
rElec    .         Reflect  .   (no cloak)
rCorr    .         Harm     .   (no gloves)
MR       .....                  (no boots)
Stlth    ++........             (no amulet)
HPRegen  0.08/turn              m - ring of protection from cold
MPRegen  0.13/turn              (no ring)

@: no status effects
A: no striking features
a: no special abilities


You were on level 3 of the Dungeon.
You were not hungry.

You visited 1 branch of the dungeon, and saw 3 of its levels.

You collected 104 gold pieces.

Inventory:

Hand Weapons
 e - a +1 short sword (weapon)
Armour
 a - a +0 robe (worn)
 b - a +0 hat (worn)
Jewellery
 m - a ring of protection from cold (left hand)
Scrolls
 g - 2 scrolls of enchant weapon
 j - 2 scrolls of noise {unknown}
 k - a scroll of immolation
 o - a scroll of blinking {unknown}
Potions
 f - a potion of flight
 i - a potion of heal wounds {unknown}
 n - a potion of agility
 p - 2 potions of brilliance {unknown}
 r - a potion of magic {unknown}
 s - a potion of curing {unknown}
 t - a potion of haste {unknown}
Books
 c - a book of Minor Magic

   Spells                             Type                      Level
   a - Magic Dart                     Conjuration                  1
   b - Blink                          Translocation                2
   c - Call Imp                       Summoning                    2
   d - Slow                           Hexes                        2
   e - Conjure Flame                  Conjuration/Fire             3
   f - Mephitic Cloud                 Conjuration/Poison/Air       3
Comestibles
 d - 2 bread rations
 l - 2 meat rations
 q - a royal jelly


   Skills:
 - Level 2.4 Dodging
 - Level 2.4 Stealth
 + Level 5.7 Spellcasting
 - Level 3.0 Conjurations
 - Level 1.1 Summonings
 - Level 1.1 Translocations
 + Level 0.3 Air Magic
 + Level 0.4 Poison Magic


You had 3 spell levels left.
You knew the following spells:

 Your Spells              Type           Power        Failure   Level  Hunger
a - Magic Dart            Conj           ###.         2%          1    None
b - Call Imp              Summ           ##......     8%          2    None
c - Mephitic Cloud        Conj/Pois/Air  ##......     14%         3    #......
d - Conjure Flame         Conj/Fire      ##......     13%         3    #......
e - Blink                 Tloc           N/A          8%          2    None


Dungeon Overview and Level Annotations

Branches:
Dungeon (3/15)

Altars:
Hepliaklqana

Annotations:
D:3 Sigmund


Message History

Aim: an orc, wielding a mace of protection and wearing a chain mail The magic dart hits the orc.
The orc hits you with a mace of protection!
Casting: Magic Dart
Confirm with . or Enter, or press ? or * to list all spells.
Aiming: Magic Dart
Press: ? - help, Shift-Dir - straight line, f/p - orc
Aim: an orc, wielding a mace of protection and wearing a chain mail The magic dart hits the orc.
The orc hits you with a mace of protection.
Casting: Magic Dart
Confirm with . or Enter, or press ? or * to list all spells.
Aiming: Magic Dart
Press: ? - help, Shift-Dir - straight line, f/p - orc
Aim: an orc, wielding a mace of protection and wearing a chain mail The magic dart hits the orc.
The orc priest calls down the wrath of Beogh upon you.
Beogh smites you!
Ouch! That really hurt!
You die...

###.##
#..§.§.$$.
#...#
#..§§§..$
#.###
##.§.§.$..
#.#
#####...
#.# § #.#
#.# #.#
#@# #o#
#oo.[o.o.
#########


You could see an orc priest and 2 orcs.

Vanquished Creatures
  An adder (D:3)
  An ooze (D:1)
  4 dart slugs
  3 leopard geckos (D:1)
  An orc (D:3)
  A ball python (D:1)
  6 giant cockroaches
  4 hobgoblins
  4 kobolds
  3 bats
  3 frilled lizards
  3 goblins
  14 rats
48 creatures vanquished.

Vanquished Creatures (others)
  A worker ant (D:3)
1 creature vanquished.

Grand Total: 49 creatures vanquished

Notes
Turn   | Place    | Note
-------+----------+-------------------------------------------
     0 | D:1      | Laiders the Deep Elf Wizard began the quest for the Orb.
     0 | D:1      | Reached XP level 1. HP: 10/10 MP: 7/7
   288 | D:1      | Reached XP level 2. HP: 15/15 MP: 7/9
   487 | D:1      | Reached skill level 5 in Spellcasting
   669 | D:1      | Reached XP level 3. HP: 19/19 MP: 6/11
   710 | D:1      | Learned a level 2 spell: Call Imp
   714 | D:1      | Learned a level 3 spell: Mephitic Cloud
   718 | D:1      | Learned a level 3 spell: Conjure Flame
   721 | D:1      | Learned a level 2 spell: Blink
  2306 | D:2      | Found a hazy altar of Hepliaklqana.
  2523 | D:3      | Noticed Sigmund
  2710 | D:3      | Reached XP level 4. HP: 18/24 MP: 8/13
  2830 | D:3      | Killed from afar by an orc priest

Vault maps used:
D:1:      dpeg_arrival_rhombi, kennysheep_boxes
D:2:      lemuel_round_altar, minmay_rat_gold_closets
D:3:      lemuel_flame_loot_1, uniq_sigmund

Skill      XL: |  1  2  3 |
---------------+----------+-----
Conjurations   | 2 3 |  3.0
Spellcasting   | 5 |  5.7
Dodging        | |  2.4
Stealth        | |  2.4
Summonings     | |  1.1
Translocations | |  1.1
Air Magic      | |  0.3
Poison Magic   | |  0.4

Action                   |  1- 3 |  4- 6 || total
-------------------------+-------+-------++-------
Melee: Short sword       |    78 |       ||    78
 Cast: Magic Dart        |    60 |     7 ||    67
       Blink             |     1 |       ||     1
  Use: Scroll            |     4 |       ||     4
 Stab: Sleeping          |     6 |       ||     6
  Eat: Chunk             |     5 |     1 ||     6
Armor: Robe              |    14 |       ||    14
Dodge: Dodged            |    62 |     1 ||    63

Table legend:
 A = Spawn XP
 B = Non-spawn XP
 C = Spawn XP percentage of total XP
 D = Spawn monster count
 E = Non-spawn monster count
 F = Spawn count percentage of total count
 G = Total turns spent on level
                    A         B        C        D         E        F      G
               +---------+---------+-------+---------+---------+-------+---------
         Total |       0 |     102 |   0.0 |       0 |      48 |   0.0 |  2830
               +---------+---------+-------+---------+---------+-------+---------
           D:1 |       0 |      42 |   0.0 |       0 |      16 |   0.0 |  1161
           D:2 |       0 |      40 |   0.0 |       0 |      27 |   0.0 |  1277
           D:3 |       0 |      20 |   0.0 |       0 |       5 |   0.0 |   392
               +---------+---------+-------+---------+---------+-------+---------
